 Dungeon Crawl Stone Soup version 0.25.0 (webtiles) character file.

Game seed: 1722948746004797088

20113 Angani the Fighter (level 12, -21/112 HPs)
             Began as a Yellow Draconian Wanderer on June 13, 2020.
             Was a High Priest of Qazlal.
             Demolished by Donald
             ... wielding a +0 long sword
              (39 damage)
             ... on level 2 of the Orcish Mines.
             The game lasted 00:44:48 (15528 turns).

Angani the Fighter (Yellow Draconian Wanderer)     Turns: 15528, Time: 00:44:48

Health: -21/112    AC: 17    Str: 26    XL:     12   Next: 42%
Magic:  2/18       EV: 19    Int: 10    God:    Qazlal [*****.]
Gold:   462        SH:  6    Dex: 17    Spells: 16/17 levels left

rFire    . . .     SeeInvis +   t - +2 quarterstaff (chaos)
rCold    . . .     Gourm    .   (shield currently unavailable)
rNeg     . . .     Faith    .   (armour unavailable)
rPois    .         Spirit   .   (helmet restricted)
rElec    .         Reflect  .   u - +2 cloak {rCorr}
rCorr    +         Harm     .   K - +0 pair of gloves
MR       +....                  x - +1 pair of boots
Stlth    +.........             E - amulet of the acrobat
HPRegen  0.28/turn              F - +6 ring of strength
MPRegen  0.16/turn              I - ring of Beja Gei {MR+ Dex+4 SInv}

@: short of breath, protected from physical damage, repel missiles
A: spit acid, unfitting armour, cold-blooded, acid resistance, AC +8
a: Breathe Acid, Upheaval, Elemental Force, Disaster Area, Renounce Religion


You were on level 2 of the Orcish Mines.
You worshipped Qazlal.
Qazlal was extremely pleased with you.
You were not hungry.

You visited 2 branches of the dungeon, and saw 12 of its levels.
You also visited: Sewer.

You collected 966 gold pieces.
You spent 504 gold pieces at shops.

Inventory:

Hand Weapons
 a - a +0 shortbow
 t - a +2 quarterstaff of chaos (weapon)
Missiles
 c - 106 arrows
Armour
 h - a scarf of harm
 u - a +2 cloak of preservation (worn)
 x - a +1 pair of boots (worn)
 K - a +0 pair of gloves (worn)
Jewellery
 q - an uncursed amulet of reflection
 B - an uncursed ring of stealth
 E - an amulet of the acrobat (around neck)
 F - a +6 ring of strength (left hand)
 I - the ring of Beja Gei (right hand) {MR+ Dex+4 SInv}
   (You bought it in a shop on level 2 of the Orcish Mines)

   [ring of see invisible]

   It affects your dexterity (+4).
   It affects your resistance to hostile enchantments.
   It lets you see invisible.
Wands
 n - a wand of acid (4)
 z - a wand of iceblast (8)
 G - a wand of random effects (22)
 M - a wand of flame (10)
Scrolls
 d - 2 scrolls of teleportation
 g - 11 scrolls of identify {unknown}
 j - 2 scrolls of remove curse {unknown}
 k - 2 scrolls of blinking {unknown}
 p - 2 scrolls of magic mapping {unknown}
 r - 2 scrolls of random uselessness {unknown}
 s - 3 scrolls of immolation {unknown}
 v - 3 scrolls of enchant armour {unknown}
 y - a scroll of amnesia {unknown}
 A - a scroll of silence {unknown}
 C - 2 scrolls of enchant weapon {unknown}
Potions
 b - 3 potions of might {unknown}
 e - a potion of mutation {unknown}
 i - 2 potions of haste {unknown}
 l - 8 potions of curing {unknown}
 m - a potion of ambrosia {unknown}
 o - a potion of berserk rage {unknown}
 w - a potion of flight {unknown}
 D - 2 potions of brilliance {unknown}
 H - a potion of heal wounds {unknown}
 J - a potion of degeneration {unknown}
Comestibles
 f - 20 rations
 L - 5 chunks of flesh


   Skills:
 + Level 12.0 Fighting
 + Level 11.9 Staves
 - Level 1.0 Bows
 + Level 9.6 Dodging
   Level 2.0 Shields
 - Level 3.0 Spellcasting
   Level 1.0 Charms
   Level 1.0 Earth Magic
 - Level 8.4 Invocations


You had 16 spell levels left.
You knew the following spells:

 Your Spells              Type           Power        Failure   Level  Hunger
a - Magic Dart            Conj           #...         28%         1    #......

Your spell library contained the following spells:

 Spells                   Type           Power        Failure   Level  Hunger
 Infusion                 Chrm           #...         19%         1    #......
 Animate Skeleton         Necr           N/A          28%         1    #......
 Summon Small Mammal      Summ           #...         28%         1    #......
 Swiftness                Chrm/Air       #.......     34%         2    ###....
 Blink                    Tloc           N/A          38%         2    ###....
 Call Imp                 Summ           #.......     38%         2    ###....
 Corpse Rot               Necr/Air       N/A          38%         2    ###....
 Slow                     Hex            #.......     38%         2    ###....
 Sublimation of Blood     Necr           #.........   38%         2    ###....
 Call Canine Familiar     Summ           #.......     63%         3    ###....
 Conjure Flame            Conj/Fire      #.......     63%         3    ###....
 Mephitic Cloud           Conj/Pois/Air  #.......     63%         3    ###....
 Summon Guardian Golem    Hex/Summ       #.......     63%         3    ###....
 Summon Ice Beast         Ice/Summ       #.......     95%         4    #####..
 Summon Lightning Spire   Summ/Air       #.......     95%         4    #####..
 Agony                    Necr           #.......     100%        5    ######.


Dungeon Overview and Level Annotations

Branches:
Dungeon (10/15)            Temple (0/1) D:6            Lair (0/6) D:9
    Orc (2/2) D:9           Sewer (visited)
    Elf: Orc:2

Altars:
Ashenzari
Cheibriados
Dithmenos
Fedhas
Hepliaklqana
Kikubaaqudgha
Makhleb
Nemelex Xobeh
Qazlal
Sif Muna
Trog
Yredelemnul
Zin
Beogh

Shops:
D:10 *   Orc:2 :=

Annotations:
D:3 3 runed translucent doors, PigKeeper's ghost, amateur DgTm; Sedillia's ghost, amateur GnWn; Vidiiot's ghost, amateur MiFi
Orc:2 Donald


Innate Abilities, Weirdness & Mutations

You can spit globs of acid.
Your golden yellow scales are hard. (AC +8)
You cannot fit into any form of body armour.
You are cold-blooded and may be slowed by cold attacks.
You are resistant to acid. (rCorr)


Message History

Unknown command.
Unknown command.
Aiming: Upheaval
Press: ? - help, Dir - move target cursor The ground shakes violently, spewing rubble!
The blast of rubble hits Donald!!
Donald is heavily wounded.
Ka-crash!
You hear a shout! x17
Donald is no longer encased in ice.
Donald hits you with a +0 long sword!!
* * * LOW HITPOINT WARNING * * *
Unknown command.
Unknown command.
Press: ? - help, Shift-Dir - straight line, f - Donald
Aim: Donald, wielding a +0 long sword, wearing a +1 crystal plate armour and wearing a +0 kite shield of reflection (heavily wounded, fast, strong)
You spit a glob of acid.
Donald reflects the glob of acid off his +0 kite shield of reflection!
You block the glob of acid.
You feel somewhat more hungry. Donald hits you with a +0 long sword!!!
You die...

#)##.#...##.##...#.##'#
#..[#.##'###o###'##.#...#
#...#........)(#....#...# ≈≈
#####....##'##(#....##### .≈≈
#..#....#...#o#....#..# ..≈#
#[.)....#...#(...o.'..# #..#
#..####.#####.####.#..# #...♣#
####..........#.)#≈#####.....#
#####.####)....#@@))####......#
.'....#..#..⌠..#.[#[...'......#
.####.'..#....)####.####.........
.####.#..#....[.....# .........
##..#)####.#####.#### .........
#..'..)...#...#.# #........
#(.#....#.#...#)# ....#...
#####....#.##'##.# ........
.........#.......# .....#..


You could see Donald (fast, strong).

Vanquished Creatures
  Jorgrun (Orc:2)
  4 two-headed ogres
  4 orc knights
  A cyclops (Orc:1)
  3 orc sorcerers
  An elephant (D:9)
  2 hornets
  5 hippogriffs
  A human (D:7)
  3 hogs (D:7)
  A human (shapeshifter) (D:7)
  2 yaks
  A hungry ghost (D:7)
  A basilisk (D:9)
  A warg (Orc:2)
  Duvessa (D:6)
  An eye of draining (D:8)
  33 orc warriors
  A sky beast (D:7)
  2 ice beasts
  2 phantoms
  2 necrophages (D:9)
  6 wolves (D:10)
  14 ogres
  6 bullfrogs
  A gnoll sergeant (D:9)
  3 scorpions
  22 killer bees
  14 wights
  4 crimson imps
  A centaur zombie (D:9)
  4 howler monkeys
  A quasit (D:8)
  4 hounds
  6 jellies
  13 orc priests
  13 orc wizards
  Crazy Yiuf (D:3)
  A bullfrog skeleton (D:6)
  An iguana (D:6)
  5 worker ants
  A killer bee zombie (D:9)
  A bullfrog simulacrum (D:10)
  2 hound zombies
  A howler monkey zombie (D:9)
  7 gnolls
  12 adders
  3 shadow imps
  A white imp (D:10)
  An ufetubus (D:10)
  14 oozes (Sewer)
  A spectral adder (D:9)
  2 adder skeletons
  2 adder zombies (D:6)
  3 worms
  A dart slug (D:2)
  18 leopard geckos
  90 orcs
  10 giant cockroaches
  11 goblins
  8 hobgoblins
  10 jackals
  6 quokkas
  15 ball pythons
  9 bats
  11 frilled lizards
  2 kobolds (D:1)
  A quokka skeleton (D:6)
  10 rats
446 creatures vanquished.

Vanquished Creatures (collateral kills)
  Dowan (D:6)
1 creature vanquished.

Vanquished Creatures (others)
  An iguana (D:10)
1 creature vanquished.

Grand Total: 448 creatures vanquished

Notes
Turn   | Place    | Note
-------+----------+-------------------------------------------
     0 | D:1      | Angani the Draconian Wanderer began the quest for the Orb.
     0 | D:1      | Angani set off with the following items: a +0 shortbow, 28
                  | arrows, a scroll of teleportation, a ration; and the
                  | following spell memorised: Magic Dart; and the following
                  | spells available to memorise: Blink, Call Imp, Slow,
                  | Conjure Flame, Mephitic Cloud
     0 | D:1      | Reached XP level 1. HP: 17/17 MP: 4/4
    85 | D:1      | Reached skill level 3 in Fighting
    88 | D:1      | Reached XP level 2. HP: 23/26 MP: 6/6
   872 | D:2      | Reached XP level 3. HP: 33/33 MP: 7/7
   913 | D:2      | Reached skill level 4 in Fighting
  1102 | D:2      | Found a stormy altar of Qazlal.
  1112 | D:2      | Became a worshipper of Qazlal Stormbringer
  1187 | D:2      | Reached skill level 1 in Invocations
  1951 | D:2      | Reached XP level 4. HP: 28/40 MP: 8/8
  2583 | D:3      | Found a runed translucent gate.
  2583 | D:3      | Found a runed translucent gate.
  2583 | D:3      | Found a runed translucent gate.
  2585 | D:3      | Noticed Vidiiot's ghost (amateur MiFi)
  2585 | D:3      | Noticed Sedillia's ghost (amateur GnWn)
  2585 | D:3      | Noticed PigKeeper's ghost (amateur DgTm)
  2616 | D:3      | Found a shattered altar of Ashenzari.
  2862 | D:3      | Reached XP level 5. HP: 46/46 MP: 9/9
  2902 | D:3      | Reached * piety under Qazlal
  3184 | D:3      | Found a runed translucent door.
  3185 | D:3      | Noticed Crazy Yiuf
  3490 | D:3      | Killed Crazy Yiuf
  3678 | D:4      | Reached skill level 5 in Invocations
  3707 | D:4      | Reached skill level 1 in Staves
  3707 | D:4      | Reached XP level 6. HP: 50/52 MP: 10/10
  3714 | D:4      | Found a basalt altar of Yredelemnul.
  3876 | D:4      | Found a shimmering blue altar of Sif Muna.
  4780 | D:5      | Entered Level 5 of the Dungeon
  4961 | D:5      | Found a shadowy altar of Dithmenos.
  5060 | D:5      | Your scales start taking on a golden yellow colour.
  5060 | D:5      | Reached XP level 7. HP: 58/59 MP: 11/11
  5060 | D:5      | Gained mutation: You are resistant to acid. (rCorr) [Yellow
                  | Draconian growth]
  5204 | D:5      | Found a sparkling altar of Nemelex Xobeh.
  5334 | D:5      | Found a glowing silver altar of Zin.
  5457 | D:6      | Found a staircase to the Ecumenical Temple.
  5536 | D:6      | Reached ** piety under Qazlal
  5612 | D:6      | Noticed a hippogriff
  5630 | D:6      | Killed a hippogriff
  5630 | D:6      | Reached skill level 5 in Staves
  5630 | D:6      | Reached XP level 8. HP: 59/66 MP: 13/13
  5671 | D:6      | Found a glowing drain.
  5686 | Sewer    | Entered a sewer
  5965 | Sewer    | Reached *** piety under Qazlal
  6119 | D:6      | Noticed Duvessa
  6119 | D:6      | Noticed Dowan
  6126 | D:6      | Killed Dowan
  6132 | D:6      | Killed Duvessa
  6428 | D:6      | Found a snail-covered altar of Cheibriados.
  6581 | D:6      | Reached skill level 1 in Dodging
  6746 | D:7      | Found a bloodstained altar of Trog.
  6834 | D:7      | Noticed a shapeshifter
  6834 | D:7      | an orc priest changed into a shapeshifter
  6834 | D:7      | a shapeshifter changed into a human
  6839 | D:7      | Reached skill level 5 in Fighting
  6916 | D:7      | Reached XP level 9. HP: 56/74 MP: 15/15
  7379 | D:7      | Reached skill level 6 in Fighting
  8029 | D:7      | Reached skill level 7 in Fighting
  8055 | D:7      | Found a blossoming altar of Fedhas.
  8605 | D:8      | Reached skill level 5 in Dodging
  8623 | D:8      | Reached XP level 10. HP: 46/86 MP: 16/16
  9121 | D:8      | Noticed a two-headed ogre
  9268 | D:8      | Killed a two-headed ogre
  9268 | D:8      | Reached skill level 8 in Fighting
  9270 | D:8      | Reached **** piety under Qazlal
  9737 | D:8      | Found a hazy altar of Hepliaklqana.
  9745 | D:8      | Found an ancient bone altar of Kikubaaqudgha.
  9745 | D:8      | Found a burning altar of Makhleb.
 10075 | D:9      | Found a staircase to the Orcish Mines.
 10142 | D:9      | Noticed an elephant
 10147 | D:9      | Killed an elephant
 10162 | D:9      | Reached skill level 9 in Fighting
 10631 | D:9      | Found a staircase to the Lair.
 10682 | D:9      | Noticed a two-headed ogre
 10688 | D:9      | Killed a two-headed ogre
 10844 | D:9      | Reached ***** piety under Qazlal
 10857 | D:9      | Identified Lopni's Handbook of Doomed Augmentations
 10999 | D:9      | Reached XP level 11. HP: 97/97 MP: 17/17
 11030 | D:10     | Entered Level 10 of the Dungeon
 11082 | D:10     | Reached skill level 10 in Staves
 11451 | D:10     | Found Lesisif's Changing Room.
 11680 | D:10     | Reached skill level 10 in Fighting
 12017 | Orc:1    | Entered Level 1 of the Orcish Mines
 12017 | Orc:1    | Noticed a two-headed ogre
 12028 | D:9      | Killed a two-headed ogre
 12070 | Orc:1    | Noticed an orc sorcerer
 12070 | Orc:1    | Noticed an orc knight
 12205 | D:9      | Killed an orc knight
 12638 | Orc:1    | Paralysed by an orc sorcerer for 6 turns
 12647 | D:9      | Killed an orc sorcerer
 13307 | Orc:2    | Entered Level 2 of the Orcish Mines
 13751 | Orc:2    | Found a roughly hewn altar of Beogh.
 13778 | Orc:2    | Noticed a two-headed ogre
 13778 | Orc:2    | Noticed an orc knight
 13778 | Orc:2    | Noticed an orc sorcerer
 13781 | Orc:2    | Killed an orc sorcerer
 13781 | Orc:2    | Reached skill level 11 in Fighting
 13788 | Orc:2    | Killed an orc knight
 13795 | Orc:2    | Killed a two-headed ogre
 13892 | Orc:2    | Noticed an orc sorcerer
 13899 | Orc:2    | Killed an orc sorcerer
 13900 | Orc:2    | Noticed an orc knight
 13929 | Orc:2    | Killed an orc knight
 13929 | Orc:2    | Reached XP level 12. HP: 43/110 MP: 18/18
 14190 | Orc:2    | Found Perhem's Book Shop.
 14204 | Orc:2    | Found Fyroeray's Jewellery Boutique.
 14482 | Orc:2    | Bought the ring of Beja Gei {MR+ Dex+4 SInv} for 504 gold
                  | pieces
 14844 | Orc:2    | Reached ****** piety under Qazlal
 15002 | Orc:2    | Noticed Jorgrun
 15017 | Orc:2    | Killed Jorgrun
 15507 | Orc:2    | Reached skill level 12 in Fighting
 15520 | Orc:2    | Noticed Donald
 15528 | Orc:2    | Demolished by Donald

Illustrated notes

Levels and vault maps discovered:
D:1:      grunt_arrival_lava_bath, layout_basic
D:2:      layout_loops_corners, grunt_qazlal_clouds
D:3:      layout_basic, gammafunk_ghost_cemetery, first_ration, grunt_decor_cap,
          ashenzari_altar_1, uniq_crazy_yiuf_cottage
D:4:      layout_loops_corners, led_sif_pool, yredelemnul_altar_generic
D:5:      layout_cave_pools, marbit_many_paths, grunt_dithmenos_smoke,
          lemuel_coloured_pillars_altar, minmay_misc_feat_tiny
D:6:      layout_loops_cross, lemuel_crystal_altar,
          minmay_temple_entry_crystal_x, gup_sewer_entry_bubbles,
          enter_ossuary_3, minmay_microvault, uniq_duvessa
D:7:      layout_loops_corners, lemuel_doored_altar, kennysheep_little_box,
          grunt_livestock
D:8:      layout_cave_pods, grunt_temple_overflow_diamond,
          minmay_misc_feat_more_columns
D:9:      layout_long_grid, david_lair_generic, hangedman_weighted_door
D:10:     layout_loops_ring, serial_ice, serial_ice_o, serial_ice_m,
          serial_ice_g, serial_ice_n, serial_ice_j, serial_ice_b,
          gammafunk_ghost_cemetery, dk_noncrumbling_3,
          nicolae_transmutations_shop, kennysheep_pointless_box
Orc:1:    layout_diamond_mine
Orc:2:    pubby_orc_utopia, uniq_jorgrun, uniq_donald

Skill      XL: |  1  2  3  4  5  6  7  8  9 10 11 12 |
---------------+-------------------------------------+-----
Fighting       | 3 4 5 7 9 11 12 | 12.0
Invocations    | 2 3 5 6 7 8 |  8.4
Staves         | 1 3 5 6 8 9 11 | 11.9
Dodging        | 2 5 7 8 9 |  9.6
Bows           | |  1.0
Shields        | |  2.0
Spellcasting   | |  3.0
Charms         | |  1.0
Earth Magic    | |  1.0

Action                   |  1- 3 |  4- 6 |  7- 9 | 10-12 || total
-------------------------+-------+-------+-------+-------++-------
Melee: Quarterstaff      |       |    74 |   441 |   602 ||  1117
       Tailslap          |       |     6 |    31 |    98 ||   135
 Fire: Shortbow          |   179 |    98 |       |       ||   277
Invok: Upheaval          |       |       |     3 |     9 ||    12
       Elemental Force   |       |       |     1 |     1 ||     2
 Abil: Breathe Acid      |       |       |     8 |    34 ||    42
Evoke: Wand              |       |       |       |     2 ||     2
 Stab: Paralysed         |       |     1 |     3 |    10 ||    14
       Petrifying        |       |       |     1 |     2 ||     3
       Petrified         |       |       |     4 |       ||     4
       Confused          |       |       |       |     1 ||     1
  Eat: Chunk             |     3 |     9 |    14 |    22 ||    48
       Ration            |       |       |     1 |     2 ||     3
Armor: Skin              |    34 |    41 |   179 |   112 ||   366
Dodge: Dodged            |    65 |    59 |   261 |   352 ||   737
       Repelled          |       |       |       |     3 ||     3
Block: Other             |       |     1 |    63 |   150 ||   214
